 Dungeon Crawl Stone Soup version 0.26-a0-651-gb41185065b (webtiles) character file.

Game seed: 16289000587814644606

51592 Flugslaktarn the Cleaver (level 14, -2/139 HPs)
             Began as a Deep Dwarf Fighter on Oct 4, 2020.
             Was the Champion of Makhleb.
             Slain by a four-headed hydra (6 damage)
             ... on level 4 of the Lair of Beasts.
             The game lasted 00:08:49 (11151 turns).

Flugslaktarn the Cleaver (Deep Dwarf Fighter)      Turns: 11151, Time: 00:08:50

Health: -2/139     AC: 25    Str: 24    XL:     14   Next: 24%
Magic:  16/16      EV: 10    Int: 10    God:    Makhleb [******]
Gold:   349        SH: 17    Dex: 12    Spells: 13/13 levels left

rFire    . . .     SeeInvis .   l - +7 broad axe (drain)
rCold    . . .     Faith    .   c - +0 kite shield
rNeg     + . .     Spirit   .   b - +0 plate armour
rPois    +         Reflect  +   p - +2 helmet
rElec    .         Harm     .   K - +1 cloak
rCorr    .         Rampage  .   E - +1 pair of gloves
MR       ++...                  n - +0 pair of boots
Stlth    ..........             C - amulet of reflection
HPRegen  0.00/turn              o - ring of poison resistance
MPRegen  0.15/turn              v - +4 ring of evasion

@: non-regenerating, studying Armour
A: damage resistance, heal wounds, negative energy resistance 1, sense
surroundings 2, no regeneration
a: Heal Wounds, Minor Destruction, Lesser Servant of Makhleb, Major Destruction,
Greater Servant of Makhleb, Renounce Religion


You were on level 4 of the Lair of Beasts.
You worshipped Makhleb.
Makhleb was exalted by your worship.
You visited 3 branches of the dungeon, and saw 20 of its levels.
You visited the Abyss 1 time.

You collected 1133 gold pieces.
You spent 784 gold pieces at shops.

Inventory:

Hand Weapons
 l - a +7 broad axe of draining (weapon)
   (You took it off Maggie on level 9 of the Dungeon)
 J - a +2 dagger of distortion
   (You took it off Sonja on level 13 of the Dungeon)
Missiles
 B - 5 throwing nets (quivered)
Armour
 b - a +0 plate armour (worn)
   (You found it on level 7 of the Dungeon)
 c - a +0 kite shield (worn)
 n - a +0 pair of boots (worn)
   (You found it on level 7 of the Dungeon)
 p - a +2 helmet (worn)
   (You found it on level 4 of the Dungeon)
 E - a +1 pair of gloves (worn)
   (You found it on level 2 of the Dungeon)
 K - a +1 cloak (worn)
   (You found it on level 8 of the Dungeon)
Jewellery
 g - an uncursed ring of magical power {unknown}
   (You found it on level 2 of the Lair of Beasts)
 i - an uncursed ring of see invisible
   (You found it on level 12 of the Dungeon)
 k - an uncursed ring of resist corrosion
   (You found it on level 10 of the Dungeon)
 o - a ring of poison resistance (left hand)
   (You bought it in a shop on level 11 of the Dungeon)
 v - a +4 ring of evasion (right hand)
   (You bought it in a shop on level 11 of the Dungeon)
 C - an amulet of reflection (around neck)
   (You found it on level 11 of the Dungeon)
Wands
 a - a wand of enslavement (7)
   (You found it on level 6 of the Dungeon)
 m - a wand of digging (8)
   (You found it on level 4 of the Dungeon)
 y - a wand of iceblast (11)
   (You found it on level 7 of the Dungeon)
 F - a wand of paralysis (41)
   (You found it on level 12 of the Dungeon)
 O - a wand of acid (3)
   (You found it on level 3 of the Lair of Beasts)
Scrolls
 e - a scroll of amnesia
 r - 5 scrolls of identify
 t - 10 scrolls of teleportation
 x - 13 scrolls of remove curse
 z - a scroll of blinking
 A - a scroll of fog
 I - a scroll of summoning
 L - a scroll of acquirement {unknown}
Potions
 d - 3 potions of might
 f - a potion of magic
 h - a potion of haste
 j - 2 potions of flight
 q - 4 potions of curing
 s - a potion of berserk rage
 w - a potion of heal wounds
 D - 2 potions of ambrosia
 G - 2 potions of mutation
 H - a potion of lignification
 M - 4 potions of invisibility
 N - a potion of cancellation
Books
 u - a manual of Armour
   (You found it on level 13 of the Dungeon)


   Skills:
 * Level 12.4 Fighting
 * Level 14.3 Axes
 + Level 12.0 Armour
 + Level 10.7 Shields
 + Level 11.5 Invocations
 - Level 7.0 Evocations


You had 13 spell levels left.
You didn't know any spells.
Your spell library was empty.

Dungeon Overview and Level Annotations

Branches:
Dungeon (15/15)            Temple (1/1) D:5            Lair (4/6) D:9
  Swamp (0/4) Lair:4        Snake (0/4) Lair:3          Orc (0/2) D:11
 Vaults (0/5) D:14         Depths (0/5) D:15

Altars:
Ashenzari
Cheibriados
Dithmenos
Fedhas
Gozag
Hepliaklqana
Kikubaaqudgha
Makhleb
Nemelex Xobeh
Okawaru
Qazlal
Ru
Sif Muna
Trog
Vehumet
Wu Jian
Xom
Yredelemnul
Zin
The Shining One

Shops:
D:7 (   D:11 =   D:14 [

Portals:
Abyss: D:5

Annotations:
D:5 2 transporters, btv's ghost, weakling HODe
D:9 exclusion: door
Lair:2 exclusion: oklob plant


Innate Abilities, Weirdness & Mutations

You are resistant to damage.
You can heal yourself by infusing magical energy.
You resist negative energy. (rN+)
You passively map the area around you.
You do not regenerate.


Message History

That beam is likely to hit you.
Continue anyway?
The mass of ice explodes!
The iceblast engulfs the crocodile!
You kill the crocodile!
Makhleb accepts your kill.
You feel better. The iceblast engulfs you!!
* * * LOW HITPOINT WARNING * * *
The iceblast engulfs the iguana!
You kill the iguana!
Makhleb accepts your kill.
The iceblast engulfs the four-headed hydra!!
The four-headed hydra is almost dead.
You hear an angry hiss.
You hear a trumpeting! x2
The swamp worm closely misses you. The four-headed hydra bites you.
* * * LOW HITPOINT WARNING * * *
The four-headed hydra bites you!
* * * LOW HITPOINT WARNING * * *
The four-headed hydra bites you!
* * * LOW HITPOINT WARNING * * *
The four-headed hydra bites you!
You die...

, , , , , ##... *
..### , ,, ,, #.[..##
##...#P ,, ,
#.....###...... , , ,
, .....P#........ , ,,
* #........... * *
#........## ** * *>
♣♣♣♣.....#...# * *
♣♣♣♣.♣...###...### ,,
♣♣@♣≈......###....# ,
, ♣♣wD†≈.....###......
* ,* ≈
♣.(.≈≈≈♣........<...
,, *
♣..≈≈≈≈♣..........## *
, ≈
*♣.♣≈≈≈≈♣.........##
,,
.§§♣≈≈≈≈♣.........#* *
* ≈≈
.§§§♣≈≈≈≈♣.........# ,
*
§..♣♣♣♣♣≈≈≈♣..........
*♣♣♣ ♣♣♣♣♣..........


You could see a four-headed hydra and a swamp worm.

Vanquished Creatures
  Azrael (D:13)
  A rakshasa (D:15)
  Harold (D:8)
  2 hydras
  A vault guard (D:14)
  An ice dragon (D:13)
  6 centaur warriors
  An ogre mage (D:15)
  3 two-headed ogres
  Urug (D:11)
  Sonja (D:13)
  2 unseen horrors
  A wizard (D:15)
  A necromancer (D:15)
  A harpy (D:12)
  An orc knight (D:15)
  3 deep elf magi
  A wolf spider zombie (D:13)
  An orc sorcerer (D:15)
  3 ugly things
  4 cyclopes
  2 manticores
  A black mamba (Lair:2)
  Joseph (D:7)
  4 centaur skeletons
  A gargoyle (D:12)
  3 cane toads
  Maggie (D:9)
  2 kobold demonologists (D:14)
  2 rime drakes (Lair:3)
  2 tengu conjurers (D:14)
  A redback zombie (D:15)
  An efreet (D:12)
  4 komodo dragons
  A jumping spider (shapeshifter) (D:13)
  3 trolls
  2 hornets (D:12)
  8 hippogriffs
  A meliai zombie (D:12)
  7 slime creatures
  A centaur simulacrum (D:14)
  6 wyverns
  3 wraiths
  A human (shapeshifter) (D:12)
  2 shadows (D:15)
  16 yaks
  2 vampires
  4 fire elementals (D:13)
  2 basilisks (Lair:3)
  11 vampire mosquitoes
  Menkaure (D:7)
  A soldier ant (D:13)
  9 water moccasins
  3 acid dragons
  2 hell hounds (D:13)
  7 porcupines
  12 orc warriors
  8 ice beasts
  An eye of draining (D:12)
  3 sky beasts
  3 phantoms
  2 necrophages
  6 ogres
  2 hornet zombies
  7 crocodiles
  7 centaurs
  4 big kobolds
  17 bullfrogs
  A water moccasin zombie (D:8)
  A wyvern skeleton (D:15)
  3 scorpions
  5 killer bees (D:13)
  7 wights (D:10)
  A howler monkey (D:5)
  2 electric eels
  A bullfrog zombie (D:10)
  2 centaur zombies
  2 jellies
  10 orc priests
  7 hounds
  19 orc wizards
  A bullfrog skeleton (D:9)
  Terence (D:2)
  4 iguanas
  10 worker ants
  A hound zombie (D:5)
  A hound skeleton (D:11)
  2 worker ant zombies (D:10)
  A howler monkey zombie (D:11)
  4 gnolls (D:6)
  11 adders
  2 shadow imps
  5 white imps
  An ufetubus (D:7)
  An adder zombie (D:5)
  A worm (D:6)
  7 leopard geckos
  59 orcs
  5 ball pythons
  3 giant cockroaches
  A goblin (D:3)
  2 hobgoblins
  10 jackals
  5 quokkas
  3 frilled lizards
  A jackal skeleton (D:7)
  9 kobolds
  A leopard gecko skeleton (D:6)
  A quokka skeleton (D:4)
441 creatures vanquished.

Vanquished Creatures (collateral kills)
  Snorg (Lair:3)
  3 hydras
  A black mamba (Lair:3)
  An efreet (D:12)
  A yak (Lair:3)
7 creatures vanquished.

Vanquished Creatures (others)
  An eye of draining (shapeshifter) (D:12)
  15 fungi
  16 plants
  6 withered plants (D:10)
38 creatures vanquished.

Grand Total: 486 creatures vanquished

Notes
Turn   | Place    | Note
-------+----------+-------------------------------------------
     0 | D:1      | Flugslaktarn the Deep Dwarf Fighter began the quest for the
                  | Orb.
     0 | D:1      | Reached XP level 1. HP: 20/20 MP: 1/1
    40 | D:2      | Found an ornate altar of the Wu Jian Council.
    50 | D:2      | Found a basalt altar of Yredelemnul.
    87 | D:2      | Noticed Terence
    97 | D:2      | Killed Terence
    97 | D:2      | Reached XP level 2. HP: 11/28 MP: 2/2
    97 | D:2      | Reached XP level 3. HP: 13/34 MP: 3/3
   175 | D:3      | Reached skill level 3 in Axes
   375 | D:4      | Reached XP level 4. HP: 31/42 MP: 3/3
   457 | D:4      | Reached XP level 5. HP: 36/50 MP: 4/4
   552 | D:4      | Noticed a phantom
   568 | D:4      | Killed a phantom
   568 | D:4      | Reached skill level 4 in Axes
   603 | D:4      | Reached XP level 6. HP: 38/57 MP: 5/5
   836 | D:5      | Entered Level 5 of the Dungeon
   938 | D:5      | Noticed btv's ghost (weakling HODe)
   946 | D:5      | Found a one-way gate to the infinite horrors of the Abyss.
   947 | D:5      | Found a transporter.
   947 | D:5      | Found a transporter.
   967 | D:5      | Reached skill level 5 in Axes
   998 | D:5      | Noticed a sky beast
  1006 | D:5      | Killed a sky beast
  1006 | D:5      | Reached XP level 7. HP: 46/66 MP: 6/6
  1122 | D:5      | Found a staircase to the Ecumenical Temple.
  1140 | Temple   | Entered the Ecumenical Temple
  1235 | Temple   | Became a worshipper of Makhleb the Destroyer
  1463 | D:6      | Reached skill level 5 in Fighting
  1463 | D:6      | Reached skill level 1 in Invocations
  1509 | D:6      | Reached skill level 5 in Armour
  1509 | D:6      | Reached skill level 5 in Shields
  1510 | D:6      | Reached * piety under Makhleb
  1510 | D:6      | Reached skill level 6 in Axes
  1521 | D:6      | Reached XP level 8. HP: 58/75 MP: 8/8
  1705 | D:6      | Found a sparkling altar of Nemelex Xobeh.
  1997 | D:7      | Found a sparkling altar of Nemelex Xobeh.
  2004 | D:7      | Noticed Joseph
  2027 | D:7      | Killed Joseph
  2027 | D:7      | Reached skill level 7 in Axes
  2112 | D:7      | Noticed Menkaure
  2119 | D:7      | Killed Menkaure
  2119 | D:7      | Gained mutation: You passively map the area around you.
                  | [Deep Dwarf growth]
  2119 | D:7      | Reached XP level 9. HP: 34/85 MP: 8/10
  2221 | D:7      | Reached ** piety under Makhleb
  2342 | D:7      | Found Uklis's Weapon Boutique.
  2577 | D:7      | Reached skill level 8 in Axes
  3008 | D:8      | Reached skill level 5 in Invocations
  3246 | D:8      | Noticed Harold
  3263 | D:8      | Killed Harold
  3263 | D:8      | Reached skill level 9 in Axes
  3263 | D:8      | Reached XP level 10. HP: 93/96 MP: 11/11
  3557 | D:9      | Reached *** piety under Makhleb
  3723 | D:9      | Found a staircase to the Lair.
  3723 | D:9      | Noticed Maggie
  3750 | D:9      | Killed Maggie
  3867 | D:9      | Found a stormy altar of Qazlal.
  4141 | D:9      | Found a shimmering blue altar of Sif Muna.
  4194 | D:10     | Entered Level 10 of the Dungeon
  4241 | D:10     | Reached **** piety under Makhleb
  4262 | D:10     | Noticed a two-headed ogre
  4271 | D:10     | Killed a two-headed ogre
  4271 | D:10     | Reached skill level 10 in Axes
  4371 | D:10     | Noticed a two-headed ogre
  4510 | D:10     | Reached XP level 11. HP: 104/104 MP: 13/13
  5119 | D:11     | Found Eraasch's Jewellery Shoppe.
  5125 | D:11     | Noticed a centaur warrior
  5139 | D:11     | Killed a centaur warrior
  5223 | D:11     | Found a staircase to the Orcish Mines.
  5243 | D:11     | Killed an unseen horror
  5292 | D:11     | Noticed Urug
  5311 | D:11     | Killed Urug
  5493 | D:12     | Noticed a purple ugly thing
  5504 | D:12     | Killed a purple ugly thing
  5516 | D:12     | Reached skill level 11 in Axes
  5545 | D:12     | Noticed a deep elf mage
  5545 | D:12     | Noticed a two-headed ogre
  5555 | D:12     | Noticed a six-headed hydra
  5557 | D:12     | Killed a two-headed ogre
  5577 | D:12     | Killed a seven-headed hydra
  5583 | D:12     | Noticed a sixfirhy
  5592 | D:12     | Killed a deep elf mage
  5596 | D:12     | Noticed a centaur warrior
  5605 | D:12     | Killed a centaur warrior
  5605 | D:12     | Reached skill level 10 in Fighting
  5726 | D:12     | Reached ***** piety under Makhleb
  5756 | D:12     | Noticed a red ugly thing
  5763 | D:12     | Killed a red ugly thing
  5763 | D:12     | Reached skill level 1 in Evocations
  5763 | D:12     | Reached XP level 12. HP: 97/116 MP: 15/15
  6242 | D:12     | Reached skill level 12 in Axes
  6533 | D:13     | Noticed Azrael
  6559 | D:13     | Killed Azrael
  6685 | D:13     | Noticed a centaur warrior
  6698 | D:13     | Killed a centaur warrior
  6789 | D:13     | Noticed an ice dragon
  6803 | D:13     | Noticed Sonja
  6807 | D:13     | Killed an ice dragon
  6807 | D:13     | Reached skill level 10 in Invocations
  6809 | D:13     | Reached skill level 10 in Armour
  6819 | D:13     | Cast into level 2 of the Abyss (Sonja)
  6819 | Abyss:2  | Found a corrupted altar of Lugonu.
  6864 | D:13     | Escaped the Abyss
  6873 | D:13     | Killed Sonja
  7159 | D:14     | Noticed a centaur warrior
  7163 | D:14     | Noticed a six-headed hydra
  7169 | D:14     | Killed a centaur warrior
  7169 | D:14     | Reached XP level 13. HP: 127/127 MP: 16/16
  7176 | D:14     | Reached skill level 5 in Evocations
  7273 | D:14     | Found Egiofaq's Armour Shop.
  7326 | D:14     | Reached skill level 13 in Axes
  7380 | D:14     | Found a gate to the Vaults.
  7563 | D:14     | Reached skill level 10 in Shields
  7893 | D:15     | Entered Level 15 of the Dungeon
  8576 | D:15     | Found a staircase to the Depths.
  8839 | Lair:1   | Entered Level 1 of the Lair of Beasts
  8920 | D:11     | Bought a +4 ring of evasion for 504 gold pieces
  8920 | D:11     | Bought an uncursed ring of poison resistance for 280 gold
                  | pieces
  9368 | Lair:1   | Reached ****** piety under Makhleb
  9798 | Lair:2   | Reached skill level 14 in Axes
  9936 | Lair:2   | Found a blossoming altar of Fedhas.
 10078 | Lair:2   | Gained mutation: You resist negative energy. (rN+) [Deep
                  | Dwarf growth]
 10078 | Lair:2   | Reached XP level 14. HP: 138/138 MP: 17/17
 10464 | Lair:3   | Found a staircase to the Snake Pit.
 10536 | Lair:3   | Noticed Snorg
 10551 | Lair:3   | Killed Snorg
 11151 | Lair:4   | HP: 4/139 [four-headed hydra (10)]
 11151 | Lair:4   | Slain by a four-headed hydra

Illustrated notes

Levels and vault maps discovered:
D:1:      dpeg_arrival_pits, layout_basic
D:2:      cheibrodos_greedy_goblins, layout_loops_ring, minitemple, uniq_robin,
          uniq_crazy_yiuf_cottage, uniq_terence
D:3:      layout_basic
D:4:      kennysheep_six_static_rooms, layout_rooms
D:5:      layout_rooms, minmay_temple_entry_large_hall,
          gammafunk_ghost_abyssal_escape
D:6:      layout_cave_pools, nemelex_xobeh_ov_fountains_minmay
D:7:      layout_layer_cave, serial_shops, shop, basic_altar, uniq_menkaure,
          uniq_joseph
D:8:      layout_basic, uniq_harold
D:9:      layout_long_grid, overflow_temple_1_default, lair_entry_dummy,
          led_sif_book, uniq_maggie
D:10:     layout_basic, serial_undead, serial_undead_e, serial_undead_b,
          serial_undead_c, serial_undead_d
D:11:     layout_basic, david_orc_2, serial_shops, shop_statue, minivault_27,
          hangedman_abyss_or_decor_stabs, uniq_urug
D:12:     minmay_crescents, layout_basic, kennysheep_generic_room_4
D:13:     layout_big_octagon, uniq_sonja, uniq_azrael
D:14:     layout_gridville, david_vaults_5, serial_shops, shop,
          chequers_arboretum
D:15:     grunt_enter_depths_magical_seal, layout_irregular_city, minivault_4,
          minmay_diced_spiral
Temple:   eino_narrow_crystal_temple
Lair:1:   layout_roguey
Lair:2:   layout_regular_city, tgw_fedhas
Lair:3:   layout_loops_ring, minmay_snake_entry_six_corridors,
          infiniplex_staircase_pool, uniq_snorg
Lair:4:   layout_small_grid, palyth_hydra_swamp_entry, beast_lair_carwin_4

Skill      XL: |  1  2  3  4  5  6  7  8  9 10 11 12 13 14 |
---------------+-------------------------------------------+-----
Fighting       | 3 4 5 6 7 8 10 11 12 | 12.4
Axes           | 3 4 5 6 7 9 10 11 12 14 | 14.3
Shields        | 4 5 6 7 8 9 10 | 10.7
Armour         | 4 5 6 7 9 10 11 12 | 12.0
Invocations    | 2 4 5 7 8 10 11 | 11.5
Evocations     | 1 4 7 |  7.0

Action                   |  1- 3 |  4- 6 |  7- 9 | 10-12 | 13-15 || total
-------------------------+-------+-------+-------+-------+-------++-------
Melee: War axe           |    79 |   101 |   278 |    84 |       ||   542
       Broad axe         |       |       |       |   501 |   435 ||   936
Invok: Lesser Servant of |       |       |       |     3 |     5 ||     8
 Abil: Heal Wounds       |     1 |     2 |     8 |    10 |     7 ||    28
Evoke: Wand              |       |       |       |     2 |     4 ||     6
  Use: Scroll            |       |       |    11 |    15 |     2 ||    28
       Potion            |       |       |     3 |       |       ||     3
 Stab: Paralysed         |       |       |       |     3 |       ||     3
Armor: Scale mail        |    30 |    47 |    42 |       |       ||   119
       Chain mail        |       |       |    30 |       |       ||    30
       Plate armour      |       |       |    95 |   491 |   378 ||   964
Dodge: Dodged            |    26 |    34 |    93 |   173 |   200 ||   526
Block: Kite shield       |    36 |    63 |   161 |   428 |   478 ||  1166
       Reflection        |       |       |       |    10 |    16 ||    26

Table legend: (Time is in decaauts)
 A = Elapsed time spent in this place.
 B = Non-inter-level travel time spent in this place.
 C = Inter-level travel time spent in this place.
 D = Time resting spent in this place.
 E = Time spent auto-exploring this place.
 F = Levels seen in this place.
 G = Mean time per level.
                   A        B        C        D        E       F      G
               +--------+--------+--------+--------+--------+-----+--------+
         Total |  11365 |  10391 |    974 |     43 |   7414 |  22 |  516.6 |
       Dungeon |   9208 |   8349 |    859 |     43 |   5754 |  15 |  613.9 |
        Temple |    103 |     92 |     11 |      0 |     90 |   1 |  103.0 |
          Lair |   1997 |   1893 |    104 |      0 |   1544 |   4 |  499.2 |
         Abyss |     55 |     55 |      0 |      0 |     26 |   2 |   27.5 |
               +--------+--------+--------+--------+--------+-----+--------+

Top non-repeatable levels by time:
    D:12: 1164 daAuts
  Lair:2: 886 daAuts
    D:14: 865 daAuts
     D:7: 861 daAuts
    D:15: 831 daAuts
    D:11: 827 daAuts
     D:9: 783 daAuts
  Lair:3: 696 daAuts
     D:8: 694 daAuts
     D:6: 626 daAuts
    D:10: 619 daAuts
    D:13: 567 daAuts
     D:4: 537 daAuts
     D:5: 471 daAuts
  Lair:1: 375 daAuts
